 Dungeon Crawl Stone Soup version 0.24.1 (webtiles) character file.

Game seed: 7008761035130101736, levelgen mode: deterministic

7642 lepoulpe303 the Grappler (level 10, 0/102 (104) HPs)
             Began as a Troll Monk on Apr 6, 2020.
             Was an Elder of Qazlal.
             Slain by a three-headed hydra (18 damage)
             ... on level 9 of the Dungeon.
             The game lasted 00:31:33 (7041 turns).

lepoulpe303 the Grappler (Troll Monk)               Turns: 7041, Time: 00:31:34

HP:   0/102 (104)   AC:  9    Str: 23    XL:     10   Next: 99%
MP:   14/14         EV: 12    Int:  6    God:    Qazlal [****..]
Gold: 166           SH:  5    Dex: 13    Spells: 9/9 levels left

rFire    . . .     SeeInvis .     - Unarmed
rCold    . . .     Gourm    +   (no shield)
rNeg     . . .     Faith    .   a - +0 robe
rPois    .         Spirit   .   (helmet restricted)
rElec    .         Reflect  .   i - +2 cloak
rCorr    .         Harm     .   (gloves unavailable)
MR       .....                  (boots unavailable)
Stlth    +.........             (no amulet)
HPRegen  0.67/turn              (no ring)
MPRegen  0.14/turn              (no ring)

@: repel missiles
A: large, unfitting armour, claws 3, fast metabolism 3, gourmand, regeneration
1, shaggy fur 1, tough skin 3
a: Upheaval, Elemental Force, Renounce Religion


You were on level 9 of the Dungeon.
You worshipped Qazlal.
Qazlal was greatly pleased with you.
You were very full.

You visited 2 branches of the dungeon, and saw 10 of its levels.

You collected 489 gold pieces.
You spent 323 gold pieces at shops.

Inventory:

Missiles
 k - 39 poisoned darts
 n - 8 atropa-tipped darts
 s - 2 curare-tipped darts
 t - a throwing net {=f}
Armour
 a - a +0 robe (worn)
 i - a +2 cloak (worn)
Wands
 j - a wand of enslavement (10)
 r - a wand of flame (21)
 v - a wand of polymorph (5)
Scrolls
 c - a scroll of blinking {unknown}
 g - 10 scrolls of identify {unknown}
 o - a scroll of amnesia {unknown}
 p - a scroll of silence {unknown}
 q - a scroll of magic mapping {!r}
 w - 3 scrolls of remove curse
 x - a scroll of enchant armour {unknown}
 y - a scroll of holy word {unknown}
 z - a scroll of fog {unknown}
Potions
 b - a potion of mutation {unknown}
 d - 5 potions of heal wounds
 f - 4 potions of might {unknown}
 h - 2 potions of lignification {unknown}
 l - a potion of berserk rage {unknown}
 m - 2 potions of haste {unknown}
 u - 2 potions of agility {unknown}
 C - a potion of curing {unknown}
Comestibles
 e - 15 rations


   Skills:
 * Level 7.8 Fighting
 + Level 5.3 Throwing
 + Level 5.7 Dodging
 - Level 1.0 Stealth
 * Level 9.4 Unarmed Combat
 * Level 6.9 Invocations


You had 9 spell levels left.
You didn't know any spells.
Your spell library contained the following spells:

 Spells                   Type           Power        Failure   Level  Hunger
 Beastly Appendage        Tmut           #.....       45%         1    ##.....
 Confusing Touch          Hex            #.....       45%         1    ##.....
 Freeze                   Ice            #...         45%         1    ##.....
 Magic Dart               Conj           #...         45%         1    ##.....
 Blink                    Tloc           N/A          58%         2    ###....
 Call Imp                 Summ           #.......     58%         2    ###....
 Slow                     Hex            #.......     58%         2    ###....
 Sticks to Snakes         Tmut           #.......     58%         2    ###....
 Throw Frost              Conj/Ice       #.....       58%         2    ###....
 Confuse                  Hex            #.......     83%         3    ####...
 Conjure Flame            Conj/Fire      #.......     83%         3    ####...
 Gell's Gravitas          Tloc           #.........   83%         3    ####...
 Mephitic Cloud           Conj/Pois/Air  #.......     83%         3    ####...
 Ozocubu's Armour         Chrm/Ice       #.......     83%         3    ####...
 Spider Form              Tmut/Pois      #.........   83%         3    ####...
 Ice Form                 Ice/Tmut       #.......     99%         4    #####..
 Petrify                  Tmut/Erth      #.......     99%         4    #####..
 Summon Ice Beast         Ice/Summ       #.......     99%         4    #####..
 Throw Icicle             Conj/Ice       #.......     99%         4    #####..
 Blade Hands              Tmut           #.........   100%        5    ######.
 Metabolic Englaciation   Hex/Ice        #.........   100%        5    ######.
 Silence                  Hex/Air        #.........   100%        5    ######.
 Yara's Violent Unravell  Hex/Tmut       #.........   100%        5    ######.


Dungeon Overview and Level Annotations

Branches:
Dungeon (9/15)             Temple (1/1) D:4
   Lair: D:8-11         Orc: D:9-12

Altars:
Cheibriados
Dithmenos
Fedhas
Gozag
Hepliaklqana
Kikubaaqudgha
Makhleb
Nemelex Xobeh
Okawaru
Qazlal
Ru
Sif Muna
Trog
Uskayaw
Vehumet
Wu Jian
Xom
Yredelemnul
Zin

Shops:
D:8 [[!*

Annotations:
D:6 1 runed translucent door, TrebMcFLY's ghost, amateur DDFi


Innate Abilities, Weirdness & Mutations

You are too large for most types of armour.
You have claws for hands.
Your metabolism is lightning-fast.
You like to eat raw meat.
Your natural rate of healing is unusually fast.
You are covered in fur. (AC +1)
You have extremely tough skin. (AC +3)


Message History

* * * LOW HITPOINT WARNING * * *
The three-headed hydra bites you!
* * * LOW HITPOINT WARNING * * *
The big kobold barely misses you.
You take 22 damage, and have 30/102 hp.
MASSIVE DAMAGE!!
Throwing (i - inventory. (/) - cycle)
B - a large rock (quivered)
{!d}
Aim: a three-headed hydra (moderately wounded, slow)
You throw a large rock {!d}.
The large rock {!d} hits the three-headed hydra.
The three-headed hydra bites you!
* * * LOW HITPOINT WARNING * * *
The three-headed hydra misses you.
You block the three-headed hydra's attack.
The big kobold hits you with a +0 halberd.
* * * LOW HITPOINT WARNING * * *
The three-headed hydra bites you.
* * * LOW HITPOINT WARNING * * *
The three-headed hydra bites you!!
You die...

####### +.P≈PP# #≈≈≈≈P#
#'##P≈P§§# #..#°°.○.###
#..'.K@.≈†(########
#..'.P%D.#........#
#%.'§.☼.§#..).....#
#%.#.%(..#.......<+ ##
#######........#
#..........#
########.(.###..## #
##.....##...###..##.##.
#......................


You could see a three-headed hydra and a big kobold.

Levels and vault maps discovered:
D:1:      nzn_arrival_crosshair, layout_rooms
D:2:      layout_loops_ring, first_ration
D:3:      layout_loops_ring, chequers_temple_overflow_statue_of_worship,
          kennysheep_generic_room_3
D:4:      layout_cave_pools, chequers_temple_overflow_minitemple,
          minmay_temple_entry_offerings, minmay_misc_feat_ornament,
          minmay_pentomino_pile
D:5:      layout_basic, nicolae_overflow_hidden_temple,
          nicolae_ru_great_annihilating_truth, uniq_duvessa, uniq_grinder
D:6:      kennysheep_big_flooded_room, layout_gridville, ebering_ghost_sewer_d
D:7:      layout_basic
D:8:      layout_loops_ring, serial_shops, kennysheep_mini_moat,
          nicolae_shop_stone, shop, shop, uniq_maurice
D:9:      layout_gridville, hangedman_ranch [blue_anna_fruit_fields], uniq_grum
Temple:   cyrus_circular_temple

Notes
Turn   | Place    | Note
-------+----------+-------------------------------------------
     0 | D:1      | lepoulpe303 the Troll Monk began the quest for the Orb.
     0 | D:1      | Reached XP level 1. HP: 22/22 MP: 0/0
   241 | D:1      | Identified a +0 dagger
   293 | D:1      | Identified a +2 cloak (You found it on level 1 of the
                  | Dungeon)
   295 | D:1      | Identified a +0 club
   296 | D:1      | Identified a +0 club
   299 | D:1      | Reached XP level 2. HP: 29/29 MP: 1/1
   507 | D:2      | Identified a +0 dagger
   583 | D:2      | Reached XP level 3. HP: 34/36 MP: 2/2
   628 | D:2      | Identified a +0 club
   692 | D:2      | Identified a +0 club
   777 | D:2      | Identified a +0 short sword
   799 | D:2      | Reached skill level 1 in Throwing
   845 | D:2      | Identified a +0 club
   946 | D:2      | Identified a +0 club
   970 | D:2      | Identified a +0 dagger of freezing
   982 | D:2      | Reached skill level 3 in Fighting
  1080 | D:3      | Identified a +0 club
  1082 | D:3      | Identified a +0 club
  1082 | D:3      | Identified a +0 leather armour
  1086 | D:3      | Identified a +0 short sword
  1086 | D:3      | Identified a +0 leather armour
  1086 | D:3      | Identified a +0 whip
  1086 | D:3      | Identified a +0 ring mail
  1087 | D:3      | Identified a +0 trident
  1099 | D:3      | Reached XP level 4. HP: 39/45 MP: 3/3
  1113 | D:3      | Found a sparkling altar of Nemelex Xobeh.
  1113 | D:3      | Found a glowing silver altar of Zin.
  1113 | D:3      | Found a radiant altar of Vehumet.
  1114 | D:3      | Found an ancient bone altar of Kikubaaqudgha.
  1236 | D:3      | Reached skill level 4 in Unarmed Combat
  1359 | D:3      | Reached XP level 5. HP: 53/53 MP: 4/4
  1364 | D:3      | Identified a +0 club
  1365 | D:3      | Identified a +0 hand axe
  1547 | D:3      | Identified a +0 club
  1547 | D:3      | Identified a +0 leather armour
  1834 | D:4      | Identified a +0 dagger
  1834 | D:4      | Identified a cursed -1 robe
  1836 | D:4      | Identified a +0 dagger
  1846 | D:3      | Reached skill level 3 in Dodging
  1998 | D:4      | Identified a +0 club
  1998 | D:4      | Identified a +0 club
  1998 | D:4      | Identified a +0 spear
  1999 | D:4      | Identified a +0 flail
  1999 | D:4      | Identified a +1 hand axe of freezing
  2013 | D:4      | Reached XP level 6. HP: 62/62 MP: 5/5
  2018 | D:4      | Reached skill level 2 in Throwing
  2027 | D:4      | Identified a +0 dagger
  2030 | D:4      | Identified a +0 short sword
  2032 | D:4      | Identified a +0 trident
  2034 | D:4      | Identified a +0 dagger
  2034 | D:4      | Identified a cursed +0 robe
  2035 | D:4      | Identified a +0 dagger
  2035 | D:4      | Identified a +0 robe
  2142 | D:4      | Identified a +0 giant club
  2149 | D:4      | Identified a +0 short sword
  2150 | D:4      | HP: 14/62 [ogre/+0 giant club (15)]
  2170 | D:4      | Reached skill level 4 in Fighting
  2170 | D:4      | Reached skill level 5 in Unarmed Combat
  2273 | D:4      | Identified a +0 spear
  2273 | D:4      | Identified a +0 spear
  2276 | D:4      | Identified a +0 club
  2276 | D:4      | Identified a +0 robe
  2276 | D:4      | Identified a +0 club
  2277 | D:4      | Identified a +0 club
  2330 | D:4      | Reached XP level 7. HP: 59/70 MP: 6/6
  2406 | D:4      | Identified a +0 hand axe
  2406 | D:4      | Identified a +0 ring mail
  2440 | D:4      | Found a staircase to the Ecumenical Temple.
  2463 | Temple   | Entered the Ecumenical Temple
  2473 | Temple   | Became a worshipper of Qazlal Stormbringer
  2473 | Temple   | Reached * piety under Qazlal
  2473 | Temple   | Reached ** piety under Qazlal
  2539 | D:4      | Identified a +0 dagger
  2543 | D:4      | Identified a +0 flail
  2612 | D:4      | Reached skill level 1 in Invocations
  2634 | D:4      | Identified a +0 spear
  2634 | D:4      | Identified a +0 club
  2637 | D:4      | Identified a +0 halberd
  2861 | D:4      | Found a bloodstained altar of Trog.
  2861 | D:4      | Found a burning altar of Makhleb.
  2866 | D:4      | Found a shimmering altar of Xom.
  2868 | D:4      | Found a snail-covered altar of Cheibriados.
  2870 | D:4      | Found a faded altar of an unknown god.
  2943 | D:5      | Entered Level 5 of the Dungeon
  2964 | D:5      | Identified a +0 mace
  3107 | D:5      | Found a sacrificial altar of Ru.
  3208 | D:5      | Found an ornate altar of the Wu Jian Council.
  3212 | D:5      | Identified a +2 short sword of venom
  3212 | D:5      | Identified a +0 ring mail
  3212 | D:5      | Noticed Duvessa
  3254 | D:5      | Reached skill level 2 in Invocations
  3288 | D:5      | Reached skill level 3 in Throwing
  3288 | D:5      | Reached skill level 6 in Unarmed Combat
  3288 | D:5      | Reached XP level 8. HP: 46/79 MP: 8/8
  3364 | D:5      | Reached skill level 5 in Fighting
  3503 | D:5      | Identified a +0 dagger
  3503 | D:5      | Identified a +0 robe
  3505 | D:5      | Identified a +0 whip
  3505 | D:5      | Identified a +0 scale mail
  3509 | D:5      | Identified a +0 dagger
  3509 | D:5      | Identified a +0 robe
  3531 | D:5      | Reached skill level 4 in Dodging
  3569 | D:5      | Identified a cursed -1 giant club
  3612 | D:5      | Noticed Grinder
  3685 | D:5      | Identified a cursed +0 dagger
  3685 | D:5      | Identified a cursed -2 robe
  3709 | D:5      | Identified a +0 hand axe
  3709 | D:5      | Identified a +0 ring mail
  3794 | D:5      | Paralysed by Grinder for 3 turns
  3798 | D:5      | Reached skill level 3 in Invocations
  3811 | D:5      | Killed Grinder
  4000 | D:5      | Identified a +0 dagger
  4000 | D:5      | Identified a +0 robe
  4000 | D:5      | Noticed Dowan
  4071 | D:6      | Identified a +0 halberd
  4071 | D:6      | Identified a +0 plate armour
  4071 | D:6      | Identified a cursed -1 mace
  4071 | D:6      | Identified a +0 ring mail
  4071 | D:6      | Identified a +0 leather armour
  4155 | D:6      | Identified a +0 leather armour
  4205 | D:6      | Reached *** piety under Qazlal
  4205 | D:6      | Reached skill level 7 in Unarmed Combat
  4232 | D:6      | Reached XP level 9. HP: 67/87 MP: 10/10
  4242 | D:6      | Identified a cursed -1 dagger
  4242 | D:6      | Identified a +0 robe
  4242 | D:6      | Identified a +0 war axe
  4242 | D:6      | Identified a cursed +0 leather armour
  4242 | D:6      | Identified a +3 mace of freezing
  4242 | D:6      | Identified a +0 robe
  4251 | D:6      | Identified a +0 dagger
  4251 | D:6      | Identified a +0 chain mail of fire resistance
  4254 | D:6      | Identified a +0 flail
  4269 | D:6      | Reached skill level 4 in Invocations
  4355 | D:6      | Identified a +0 spear
  4355 | D:6      | Identified a +0 robe
  4356 | D:6      | Identified a +0 falchion
  4356 | D:6      | Identified a cursed +0 robe
  4385 | D:6      | Reached skill level 6 in Fighting
  4433 | D:6      | Found a runed translucent door.
  4445 | D:6      | Noticed TrebMcFLY's ghost (amateur DDFi)
  4494 | D:6      | Identified a +0 giant spiked club
  4737 | D:6      | Reached skill level 4 in Throwing
  4969 | D:5      | Killed Dowan
  4979 | D:5      | Killed Duvessa
  4992 | D:5      | HP: 21/87 [poisoned by Duvessa]
  4997 | D:5      | HP: 19/87 [poisoned by Duvessa]
  5003 | D:5      | HP: 20/87 [poisoned by Duvessa]
  5008 | D:5      | HP: 21/87 [poisoned by Duvessa]
  5203 | D:7      | Identified the Guide on Transmigration and Hexes
  5248 | D:7      | Reached skill level 5 in Invocations
  5430 | D:7      | Reached skill level 8 in Unarmed Combat
  5741 | D:8      | Identified a +0 giant spiked club
  5753 | D:8      | Reached skill level 5 in Dodging
  5798 | D:8      | Identified a +0 hand axe
  5798 | D:8      | Identified a +0 scale mail
  5799 | D:8      | Identified a +0 mace
  5799 | D:8      | Identified a +0 war axe
  5800 | D:8      | Identified a +0 hand axe
  5800 | D:8      | Identified a +0 chain mail
  5802 | D:8      | Identified a +0 mace
  5802 | D:8      | Identified a +0 leather armour
  5811 | D:8      | Reached **** piety under Qazlal
  5870 | D:8      | Found Olyh's Distillery.
  5878 | D:8      | Bought a potion of heal wounds for 75 gold pieces
  5981 | D:8      | Reached XP level 10. HP: 98/98 MP: 13/13
  5994 | D:8      | Identified a +0 falchion
  5994 | D:8      | Identified a +0 chain mail
  5996 | D:8      | Identified a cursed -3 mace
  5998 | D:8      | Identified a +0 mace
  6030 | D:8      | Identified a +0 dagger
  6030 | D:8      | Identified a +1 cloak of poison resistance
  6030 | D:8      | Noticed Maurice
  6033 | D:8      | Identified 3 scrolls of remove curse
  6034 | D:8      | Identified 2 scrolls of magic mapping
  6041 | D:8      | Killed Maurice
  6041 | D:8      | Reached skill level 7 in Fighting
  6084 | D:8      | Found Wanna's Antique Armour Emporium.
  6085 | D:8      | Identified a +0 giant club
  6085 | D:8      | Identified a +0 dire flail
  6085 | D:8      | Noticed a two-headed ogre
  6090 | D:8      | Killed a two-headed ogre
  6090 | D:8      | Reached skill level 6 in Invocations
  6134 | D:8      | Bought a runed scarf for 248 gold pieces
  6144 | D:8      | Identified a scarf of cloud immunity (You bought it in a
                  | shop on level 8 of the Dungeon)
  6168 | D:8      | Identified a +0 scimitar
  6168 | D:8      | Identified a +0 robe
  6178 | D:8      | Identified a cursed +2 war axe of distortion
  6178 | D:8      | Identified a +0 robe
  6225 | D:8      | Identified a +0 falchion
  6225 | D:8      | Identified a +0 robe
  6227 | D:8      | Identified a cursed +0 dire flail
  6227 | D:8      | Identified a +0 robe
  6230 | D:8      | Identified a cursed +5 mace of freezing
  6230 | D:8      | Identified a +0 robe
  6337 | D:8      | Found Vomurr's Antique Armour Boutique.
  6486 | D:8      | Identified a cursed -1 giant spiked club
  6494 | D:8      | Found Vorimuz's General Store.
  6593 | D:9      | Identified a -1 spear
  6593 | D:9      | Identified a +0 animal skin
  6593 | D:9      | Noticed Grum
  6597 | D:9      | Reached skill level 5 in Throwing
  6601 | D:9      | Reached skill level 9 in Unarmed Combat
  6608 | D:9      | Killed Grum
  6760 | D:9      | Identified a +0 giant spiked club
  6760 | D:9      | Identified a +0 giant spiked club
  6760 | D:9      | Noticed a two-headed ogre
  6767 | D:9      | Killed a two-headed ogre
  6848 | D:9      | Identified a +0 shortbow
  6876 | D:9      | Identified a +0 giant club
  6918 | D:9      | Identified a +2 hand axe of flaming
  7034 | D:9      | Identified a +0 halberd
  7035 | D:9      | Noticed a three-headed hydra
  7041 | D:9      | HP: 25/102 [three-headed hydra (7)]
  7041 | D:9      | Slain by a three-headed hydra

Table legend:
 A = Turns spent in this place as a percentage of turns spent in the entire game.
 B = Non-inter-level travel turns spent in this place as a percentage of non-inter-level travel turns spent in the entire game.
 C = Inter-level travel turns spent in this place as a percentage of turns spent in this place.
 D = Turns resting spent in this place as a percentage of non-inter-level travel turns spent in this place.
 E = Turns spent auto-exploring this place as a percentage of non-inter-level travel turns spent in this place.
 F = Non-inter-level travel turns spent in this place divided by the number of levels of this place that you've seen.
                   A       B       C       D       E      F
               +-------+-------+-------+-------+-------+----------------------
         Total | 100.0 | 100.0 |   7.4 |  11.1 |  61.9 | 652.2
       Dungeon |  99.7 |  99.8 |   7.3 |  11.1 |  62.0 | 723.3
        Temple |   0.3 |   0.2 |  42.9 |   0.0 |  16.7 |  12.0
               +-------+-------+-------+-------+-------+----------------------

Table legend:
 A = Kills in this place as a percentage of kills in entire the game.
 B = Kills by you in this place as a percentage of kills by you in the entire game.
 C = Kills by friends in this place as a percentage of kills by friends in the entire game.
 D = Other kills in this place as a percentage of other kills in the entire game.
 E = Experience gained in this place as a percentage of experience gained in the entire game.
 F = Experience gained in this place divided by the number of levels of this place that you have seen.
                   A       B       C       D       E      F
               +-------+-------+-------+-------+-------+----------------------
         Total | 100.0 | 100.0 |   N/A |   N/A | 100.0 | 1091.8
       Dungeon | 100.0 | 100.0 |   N/A |   N/A | 100.0 | 1213.1
               +-------+-------+-------+-------+-------+----------------------

Skill      XL: |  1  2  3  4  5  6  7  8  9 10 |
---------------+-------------------------------+-----
Throwing       | 1 2 3 4 5 |  5.3
Fighting       | 3 4 5 6 7 |  7.8
Unarmed Combat | 4 5 6 7 8 9 |  9.4
Dodging        | 3 4 5 |  5.7
Invocations    | 2 3 5 6 |  6.9
Stealth        | |  1.0

Action                   |  1- 3 |  4- 6 |  7- 9 | 10-12 || total
-------------------------+-------+-------+-------+-------++-------
Melee: Unarmed           |    60 |   138 |   332 |   117 ||   647
       Punch             |     1 |     2 |    12 |     4 ||    19
Throw: Large rock        |    12 |     1 |    13 |    17 ||    43
       Dart              |     7 |     4 |    41 |       ||    52
       Boomerang         |       |    40 |    56 |       ||    96
  Use: Scroll            |       |       |       |     2 ||     2
 Stab: Sleeping          |     2 |     2 |       |       ||     4
       Paralysed         |       |       |     2 |       ||     2
  Eat: Chunk             |    15 |    12 |    34 |     9 ||    70
Armor: Robe              |    25 |    49 |   101 |    32 ||   207
Dodge: Dodged            |    36 |    73 |   143 |    79 ||   331
       Deflected         |       |       |       |     7 ||     7
Block: Other             |       |       |    34 |    30 ||    64

Vanquished Creatures
  2 two-headed ogres
  Maurice (D:8)
  A hippogriff (D:8)
  Grinder (D:5)
  2 dream sheep (D:9)
  2 yaks (D:9)
  Grum (D:9)
  A water moccasin (D:5)
  Duvessa (D:5)
  An orc warrior (D:6)
  2 sky beasts
  5 ice beasts
  A necrophage (D:6)
  A phantom (D:8)
  6 ogres
  4 wolves (D:9)
  A centaur (D:9)
  2 big kobolds (D:9)
  7 bullfrogs
  A wyvern skeleton (D:6)
  3 scorpions
  A water moccasin skeleton (D:8)
  Dowan (D:5)
  5 killer bees (D:7)
  8 wights
  A howler monkey (D:5)
  2 centaur zombies
  4 crimson imps
  8 hounds
  2 jellies (D:7)
  A bullfrog skeleton (D:4)
  A gnoll shaman (D:4)
  5 orc priests
  An iguana (D:5)
  7 orc wizards
  7 worker ants
  A hound skeleton (D:7)
  A howler monkey zombie (D:9)
  11 gnolls (D:4)
  A howler monkey skeleton (D:6)
  8 adders
  3 shadow imps
  4 adder skeletons
  3 worms
  A dart slug (D:3)
  29 orcs
  4 giant cockroaches
  7 goblins
  7 hobgoblins
  7 jackals
  4 kobolds
  13 quokkas
  2 ball pythons (D:5)
  6 bats
  7 frilled lizards
  A jackal skeleton (D:5)
  7 rats
227 creatures vanquished.
